 Dungeon Crawl Stone Soup version 0.26-a0-665-gefeb406119 (webtiles) character file.

Game seed: 265291382625787644

16158 Aggronaut the Fighter (level 12, -1/84 HPs)
             Began as a Gargoyle Berserker on Oct 14, 2020.
             Was a High Priest of Trog.
             Shot with a bolt by a yaktaur captain (18 damage)
             ... on level 13 of the Dungeon.
             The game lasted 00:31:25 (12215 turns).

Aggronaut the Fighter (Gargoyle Berserker)         Turns: 12215, Time: 00:31:26

Health: -1/84      AC: 17    Str: 22    XL:     12   Next: 34%
Magic:  12/12      EV: 15    Int: 10    God:    Trog [*****.]
Gold:   821        SH:  9    Dex: 11    Spells: 11/11 levels left

rFire    . . .     SeeInvis .   w - +5 flail (drain)
rCold    . . .     Faith    .   q - +0 buckler
rNeg     + . .     Spirit   .   n - +3 leather armour
rPois    ∞         Reflect  +   (no helmet)
rElec    +         Harm     .   (no cloak)
rCorr    .         Rampage  .   o - +0 pair of gloves (curse)
MR       .....                  v - +0 pair of boots
Stlth    +.........             y - amulet of reflection
HPRegen  0.24/turn              u - +4 ring of evasion
MPRegen  0.13/turn              (no ring)

@: berserk cooldown, slowed, very slow
A: negative energy resistance 1, electricity resistance, unbreathing,
petrification resistance, rot immunity, AC +8
a: Berserk, Trog's Hand, Brothers in Arms, Renounce Religion


You were on level 13 of the Dungeon.
You worshipped Trog.
Trog was extremely pleased with you.
You visited 1 branch of the dungeon, and saw 13 of its levels.

You collected 821 gold pieces.

Inventory:

Hand Weapons
 a - a +0 hand axe
 i - a +1 whip of holy wrath
 w - a +5 flail of draining (weapon)
 J - a +1 whip of electrocution
Missiles
 b - 17 poisoned darts (quivered)
 K - 7 curare-tipped darts
Armour
 n - a +3 leather armour (worn)
 o - a cursed +0 pair of gloves (worn)
 q - a +0 buckler (worn)
 v - a +0 pair of boots (worn)
Jewellery
 u - a +4 ring of evasion (left hand)
 y - an amulet of reflection (around neck)
 H - an uncursed ring of stealth {unknown}
 I - an uncursed ring of flight
Wands
 g - a wand of paralysis (7)
 s - a wand of random effects (16)
 t - a wand of iceblast (29)
 z - a wand of enslavement (6)
 E - a wand of acid (6)
Scrolls
 c - 2 scrolls of teleportation
 d - 5 scrolls of magic mapping {unknown}
 e - 5 scrolls of amnesia {unknown}
 j - 5 scrolls of remove curse {unknown}
 m - 2 scrolls of fear {unknown}
 p - a scroll of fog {unknown}
 A - a scroll of noise {unknown}
 C - a scroll of identify
 G - 2 scrolls of immolation {unknown}
 L - a scroll of holy word {unknown}
Potions
 f - a potion of berserk rage
 h - 2 potions of heal wounds
 k - a potion of stabbing
 l - 2 potions of resistance
 r - 4 potions of flight {unknown}
 x - 7 potions of curing {unknown}
 B - 2 potions of haste {unknown}
 D - a potion of lignification {unknown}
 F - a potion of brilliance {unknown}


   Skills:
 * Level 13.8 Fighting
 - Level 4.5(9.5) Axes
 - Level 13.6(14.0) Maces & Flails
 - Level 2.1 Armour
 - Level 1.5 Dodging
 - Level 4.0 Shields


You had 11 spell levels left.
You didn't know any spells.
Your spell library contained the following spells:

 Spells                   Type           Power        Failure   Level
 Animate Skeleton         Necr           #.....       41%         1
 Magic Dart               Conj           #...         41%         1
 Pain                     Necr           #...         41%         1
 Poisonous Vapours        Pois/Air       #.....       54%         2
 Searing Ray              Conj           #.....       54%         2
 Conjure Flame            Conj/Fire      #.......     78%         3
 Dazzling Flash           Conj/Hex       #.....       78%         3
 Mephitic Cloud           Conj/Pois/Air  #.......     78%         3
 Vampiric Draining        Necr           #.........   78%         3
 Animate Dead             Necr           #.........   99%         4
 Fulminant Prism          Conj/Hex       #.........   99%         4
 Iskenderun's Mystic Bla  Conj/Tloc      #.......     99%         4
 Agony                    Necr           #.......     100%        5
 Freezing Cloud           Conj/Ice/Air   #.........   100%        6


Dungeon Overview and Level Annotations

Branches:
Dungeon (13/15)            Temple (0/1) D:7            Lair (0/6) D:11
    Orc (0/2) D:12
 Vaults: D:13-14

Altars:
Cheibriados
Elyvilon
Fedhas
Hepliaklqana
Kikubaaqudgha
Makhleb
Nemelex Xobeh
Qazlal
Ru
Trog
Uskayaw
Zin


Innate Abilities, Weirdness & Mutations

You are resistant to torment.
Your stone body is resilient. (AC +8)
You are immune to poison.
You resist negative energy. (rN+)
You are resistant to electric shocks. (rElec)
You can survive without breathing.
You are immune to petrification.
You are immune to rotting.


Message History

* * * LOW HITPOINT WARNING * * *
You see here a bolt.
The yaktaur captain shoots a bolt.
The bolt closely misses you.
Things that are here:
an arrow; a bullfrog skeleton; an orc skeleton You see here a bolt.
Items here: ( )) [.
You see here an arrow.
There is an open door here.
The yaktaur captain shoots a bolt.
You reflect the bolt off an invisible shield around you!
The bolt hits the orc.
You block the orc's attack.
There is an open door here.
You block the orc's attack.
The yaktaur captain shoots a bolt.
The bolt hits you!
* * * LOW HITPOINT WARNING * * *
You see here a bolt.
The yaktaur captain shoots a bolt.
The bolt hits you!!
You die...

########### ..........#
#########
..........#######........
..........c.c..##........
..........####(##.[(.....
..........# #..@<.......
..........# ####........
######'#### #........
##.(# ###+##### #.(##
#)## ####(#### #######
.....(..######.......
..........#..'.......


You could see a yaktaur captain.

Vanquished Creatures
  Jorgrun (D:12)
  Erolcha (D:12)
  A centaur warrior (D:13)
  A death knight (D:13)
  2 two-headed ogres
  Sonja (D:11)
  A manticore (D:12)
  The ghost of fly the Chopper, a novice NaCK of Xom (D:5)
  Joseph (D:10)
  A komodo dragon (D:13)
  A yaktaur (D:13)
  A hornet (D:10)
  3 trolls
  Prince Ribbit (D:6)
  A centaur simulacrum (D:11)
  A vampire (D:11)
  A wraith (D:11)
  A water elemental (D:11)
  A wyvern (D:11)
  The ghost of Gargoyl the Skirmisher, an amateur GnAK of Lugonu (D:3)
  3 yaks (D:8)
  Eustachio (D:5)
  Grum (D:10)
  Edmund (D:5)
  3 sky beasts
  2 orc warriors
  3 phantoms
  2 black bears
  10 ogres
  5 wolves
  8 centaurs
  Blork the orc (D:5)
  A big kobold (D:8)
  6 bullfrogs
  A wyvern skeleton (D:3)
  A scorpion (D:7)
  12 killer bees
  3 electric eels (D:11)
  6 wights
  4 howler monkeys
  A crimson imp (D:4)
  2 bullfrog zombies
  2 quasits
  8 hounds
  A jelly (D:8)
  3 orc priests
  6 orc wizards
  5 bullfrog skeletons
  4 centaur skeletons
  7 worker ants
  3 iguanas
  A hound skeleton (D:8)
  4 gnolls (D:11)
  A howler monkey skeleton (D:3)
  12 adders
  2 shadow imps
  2 white imps
  3 ufetubi
  An ooze (D:1)
  An adder skeleton (D:8)
  A worm (D:3)
  A worm (shapeshifter) (D:13)
  A dart slug (D:1)
  3 leopard geckos
  41 orcs
  A giant cockroach (D:3)
  5 goblins
  6 hobgoblins
  9 jackals
  4 quokkas
  2 ball pythons
  4 bats
  4 frilled lizards
  A giant cockroach zombie (D:3)
  14 kobolds
  8 rats
271 creatures vanquished.

Vanquished Creatures (others)
  A wolf (D:11)
  2 plants (D:10)
3 creatures vanquished.

Grand Total: 274 creatures vanquished

Notes
Turn   | Place    | Note
-------+----------+-------------------------------------------
     0 | D:1      | Aggronaut the Gargoyle Berserker began the quest for the
                  | Orb.
     0 | D:1      | Reached XP level 1. HP: 14/14 MP: 1/1
    78 | D:1      | Reached XP level 2. HP: 19/19 MP: 2/2
   301 | D:1      | Reached XP level 3. HP: 23/23 MP: 3/3
   479 | D:2      | Found a faded altar of an unknown god.
   483 | D:2      | Reached ** piety under Trog
   766 | D:2      | Found a snail-covered altar of Cheibriados.
   782 | D:2      | Reached XP level 4. HP: 28/28 MP: 4/4
   918 | D:2      | Found a sacrificial altar of Ru.
  1376 | D:2      | Found a blossoming altar of Fedhas.
  1832 | D:3      | Reached skill level 1 in Maces & Flails
  1964 | D:3      | Found a runed translucent gate.
  1996 | D:3      | Found a runed translucent gate.
  1997 | D:3      | Found a runed translucent gate.
  1999 | D:3      | Noticed Gargoyl's ghost (amateur GnAK)
  2026 | D:3      | Killed Gargoyl's ghost
  2026 | D:3      | Reached XP level 5. HP: 31/32 MP: 5/5
  2026 | D:3      | Reached XP level 6. HP: 36/37 MP: 6/6
  2625 | D:3      | Reached skill level 5 in Maces & Flails
  3006 | D:4      | Reached XP level 7. HP: 41/41 MP: 7/7
  3103 | D:4      | Reached *** piety under Trog
  3568 | D:4      | Reached skill level 1 in Shields
  3906 | D:4      | Found a burning altar of Makhleb.
  4075 | D:5      | Entered Level 5 of the Dungeon
  4239 | D:5      | Noticed Eustachio
  4239 | D:5      | Noticed Edmund
  4267 | D:5      | Killed Edmund
  4267 | D:5      | Reached XP level 8. HP: 46/46 MP: 8/8
  4281 | D:5      | Killed Eustachio
  4424 | D:5      | Found a white marble altar of Elyvilon.
  4424 | D:5      | Found a stormy altar of Qazlal.
  4719 | D:5      | Noticed fly's ghost (novice NaCK)
  4721 | D:5      | Found a transporter.
  4725 | D:5      | Found a transporter.
  4785 | D:5      | Noticed Blork the orc
  4801 | D:5      | Killed Blork the orc
  4959 | D:5      | Killed fly's ghost
  4959 | D:5      | Reached skill level 10 in Maces & Flails
  4959 | D:5      | Reached XP level 9. HP: 51/51 MP: 9/9
  5008 | D:6      | Noticed Prince Ribbit
  5018 | D:6      | Killed Prince Ribbit
  5626 | D:6      | Found a sparkling altar of Nemelex Xobeh.
  5876 | D:7      | Found a hazy altar of Hepliaklqana.
  5880 | D:7      | Reached **** piety under Trog
  6263 | D:7      | Found a staircase to the Ecumenical Temple.
  6680 | D:8      | Reached XP level 10. HP: 53/56 MP: 10/10
  6695 | D:8      | Noticed a +0 hand axe
  6733 | D:8      | Found a bloodstained altar of Trog.
  7003 | D:8      | Noticed a +0 dagger
  7026 | D:8      | Found a hide-covered altar of Uskayaw.
  7192 | D:8      | Got a faintly glowing flail
  7193 | D:8      | Identified the +1 flail of the Howling Coward {vorpal,
                  | +Rage MP+9 Str+4 Dex-2} (You found it on level 8 of the
                  | Dungeon)
  7452 | D:8      | Found a glowing silver altar of Zin.
  8010 | D:9      | Reached ***** piety under Trog
  8436 | D:10     | Entered Level 10 of the Dungeon
  8636 | D:10     | Noticed a two-headed ogre
  8646 | D:10     | Killed a two-headed ogre
  8748 | D:10     | Noticed Joseph
  8765 | D:10     | Killed Joseph
  8765 | D:10     | Reached XP level 11. HP: 67/67 MP: 11/11
  8888 | D:10     | Noticed Grum
  8922 | D:10     | Killed Grum
  9672 | D:11     | Noticed Sonja
  9697 | D:11     | Received a gift from Trog
  9709 | D:11     | Killed Sonja
 10081 | D:11     | Reached skill level 10 in Fighting
 10299 | D:11     | Found a staircase to the Lair.
 11064 | D:12     | Found an ancient bone altar of Kikubaaqudgha.
 11075 | D:12     | Noticed a two-headed ogre
 11084 | D:12     | Killed a two-headed ogre
 11145 | D:12     | Noticed a manticore
 11156 | D:12     | Killed a manticore
 11215 | D:12     | Found a staircase to the Orcish Mines.
 11216 | D:12     | Noticed Erolcha
 11247 | D:12     | Killed Erolcha
 11599 | D:12     | Noticed Jorgrun
 11622 | D:12     | Killed Jorgrun
 11622 | D:12     | Reached XP level 12. HP: 39/84 MP: 12/12
 11990 | D:13     | Noticed a centaur warrior
 11994 | D:13     | Noticed a death knight
 12004 | D:13     | Killed a centaur warrior
 12013 | D:13     | Killed a death knight
 12174 | D:13     | Noticed a yaktaur captain
 12215 | D:13     | Shot with a bolt by a yaktaur captain

Illustrated notes

Levels and vault maps discovered:
D:1:      dpeg_arrival_simpleton_c, layout_rooms
D:2:      layout_basic, lemuel_crystal_altar, nicolae_ru_path_of_blood,
          chequers_ecumenical_altar_island, serial_bayou_pond_c, fedhas_altar_4
D:3:      layout_rooms, gammafunk_ghost_necromancy, serial_co_window_serial,
          co_window_corner_a, co_window_paths_b, co_window_corner_a,
          co_window_paths_a, co_window_paths_b, co_window_paths_a,
          co_window_of_opportunity_a, co_window_2corner, co_window_broadway_c,
          co_window_corner_b, co_window_broadway_a, co_window_of_opportunity_c,
          co_window_sun, glass_columns_a, glass_columns_c, glass_columns_a,
          glass_columns_a, glass_columns_a, hangedman_decor_peaks_small,
          st_stairs_14
D:4:      layout_gridville, makhleb_grotto_becter
D:5:      layout_loops_cross, gammafunk_temple_overflow_elements,
          gammafunk_ghost_smash, uniq_eustachio, uniq_blork_the_orc, uniq_edmund
D:6:      layout_loops_cross, nemelex_xobeh_ov_fountains_minmay,
          uniq_prince_ribbit1
D:7:      layout_cave_pods, kennysheep_little_box, minmay_temple_entry_hall
D:8:      layout_cave_pools, nicolae_overflow_hidden_temple,
          kennysheep_mini_moat, dancing_weapons_uskayaw
D:9:      layout_loops_cross
D:10:     layout_basic, eino_tiny_chamber, serial_bayou_crossing, uniq_joseph,
          uniq_grum
D:11:     layout_small_grid, erik_lair_island, chequers_serial_rivers_micro_a,
          grunt_ministairs_13, uniq_sonja
D:12:     layout_long_grid, david_orc_2, basic_altar,
          hangedman_abyss_or_decor_slice, uniq_erolcha, uniq_jorgrun
D:13:     layout_roguey, david_vaults_2, minmay_checkerbox, uniq_kirke,
          uniq_urug, uniq_rupert, uniq_josephine

Skill      XL: |  1  2  3  4  5  6  7  8  9 10 11 |
---------------+----------------------------------+-----
Axes           | 3 4 |  4.5
Maces & Flails | 4 5 7 10 12 13 | 13.6
Shields        | 3 4 |  4.0
Fighting       | 7 13 | 13.8
Armour         | |  2.1
Dodging        | |  1.5

Action                   |  1- 3 |  4- 6 |  7- 9 | 10-12 || total
-------------------------+-------+-------+-------+-------++-------
Melee: Hand axe          |    90 |    17 |       |       ||   107
       Whip              |       |   102 |   179 |    36 ||   317
       Flail             |       |       |   182 |   445 ||   627
Throw: Dart              |       |       |       |     4 ||     4
Invok: Berserk           |       |     3 |     4 |     7 ||    14
Evoke: Wand              |       |       |       |     2 ||     2
  Use: Scroll            |       |     6 |       |     3 ||     9
       Potion            |       |       |       |     1 ||     1
Armor: Animal skin       |    42 |    29 |       |       ||    71
       Leather armour    |       |    18 |   183 |   165 ||   366
Dodge: Dodged            |    69 |    71 |   181 |   211 ||   532
Block: Buckler           |       |       |    44 |   156 ||   200
       Reflection        |       |       |       |    16 ||    16

Table legend: (Time is in decaauts)
 A = Elapsed time spent in this place.
 B = Non-inter-level travel time spent in this place.
 C = Inter-level travel time spent in this place.
 D = Time resting spent in this place.
 E = Time spent auto-exploring this place.
 F = Levels seen in this place.
 G = Mean time per level.
                   A        B        C        D        E       F      G
               +--------+--------+--------+--------+--------+-----+--------+
         Total |  12145 |  11707 |    438 |   2687 |   6601 |  13 |  934.2 |
       Dungeon |  12145 |  11707 |    438 |   2687 |   6601 |  13 |  934.2 |
               +--------+--------+--------+--------+--------+-----+--------+

Top non-repeatable levels by time:
    D:11: 1323 daAuts
     D:2: 1280 daAuts
     D:3: 1252 daAuts
    D:10: 1122 daAuts
     D:4: 1071 daAuts
    D:12: 1028 daAuts
     D:8: 971 daAuts
     D:5: 929 daAuts
     D:7: 903 daAuts
     D:9: 873 daAuts
     D:6: 649 daAuts
     D:1: 483 daAuts
    D:13: 256 daAuts
